 Dungeon Crawl Stone Soup version 0.28-a0-674-gdaf460b524 (webtiles) character file.

Game seed: 8159625746346210651

30 spiderkeys the Skirmisher (level 3, -1/33 HPs)
             Began as a Draconian Abyssal Knight on Oct 17, 2021.
             Was a Follower of Lugonu.
             Succumbed to a kobold's poison
             ... on level 1 of the Dungeon.
             The game lasted 00:02:04 (901 turns).

spiderkeys the Skirmisher (Draconian Abyssal Knight) Turns: 901, Time: 00:02:04

Health: -1/33      AC:  5    Str: 16    XL:     3   Next: 5%
Magic:  4/4        EV: 12    Int: 10    God:    Lugonu [*.....]
Gold:   26         SH:  5    Dex: 11    Spells: 2/2 levels left

rFire   . . .      SeeInvis .   a - +1 hand axe
rCold   . . .      Faith    .   (no shield)
rNeg    . . .      Spirit   .   (armour unavailable)
rPois   .          Reflect  +   (helmet restricted)
rElec   .          Harm     .   (no cloak)
rCorr   .          Rampage  .   (no gloves)
Will    .....      Rage     3%  (no boots)
Stlth   +.........              c - amulet of reflection
HPRegen 0.11/turn               (no ring)
MPRegen 0.09/turn               (no ring)

@: lethally poisoned (-1 -> -10), slowed, unable to read, very slow
A: AC +5, unfitting armour, cold-blooded, [berserk 2], [inability to read while
threatened]
a: Renounce Religion, Depart the Abyss


You were on level 1 of the Dungeon.
You worshipped Lugonu.
Lugonu was aware of your devotion.
You visited 1 branch of the dungeon, and saw 2 of its levels.
You visited the Abyss 1 time.

You collected 26 gold pieces.


Innate Abilities, Weirdness & Mutations

Your plain brown scales are hard. (AC +5)
You cannot fit into any form of body armour.
You are cold-blooded and may be slowed by cold attacks.
[You often lose your temper in combat.]
[You sometimes lose the ability to read scrolls when taking damage.]


   Skills:
 + Level 3.6 Fighting
 + Level 2.4 Axes
 + Level 2.5 Dodging
 + Level 2.5 Invocations


You had 2 spell levels left.
You didn't know any spells.
Your spell library was empty.

Inventory:

Hand Weapons
 a - a +1 hand axe (weapon)
Missiles
 b - 15 arrows
 d - 23 stones
Jewellery
 c - an amulet of reflection (around neck)
   (You found it on level 1 of the Abyss)
Scrolls
 e - a scroll of fog {unknown}
 f - a scroll of identify {unknown}
 g - a scroll of enchant armour {unknown}

Dungeon Overview and Level Annotations

Branches:
Dungeon (2/15)

Altars:

.... ..........######..... #...
...##......... #.....
#...###.............# #.....
.........#...#....#... #.....
.........##........##..# #.....
........(##......#.#...# ######
..............#........###....)
.............)......#.........#
.............K@......#........#
.........####..........#.......
.........####.#..........†.....
..............†.............#..
.........##.................#..
.........#...##............####
..........................##.>.
......................#####..<.
.........#........##.....


You could see a kobold.


Message History

An endoplasm comes into view.
A kobold comes into view. It is wielding a +0 short sword.
The endoplasm quivers.
The hobgoblin barely misses you.
The kobold shouts!
You hit the endoplasm. You closely miss the hobgoblin.
A kobold comes into view.
It is wielding a +0 short sword of venom.
The hobgoblin barely misses you. The endoplasm hits you. 😕 HP[-2]
You take 2 damage, and now have 24/26 hp.
You barely miss the endoplasm.
The kobold shouts!
You hit the hobgoblin but do no damage. The hobgoblin barely misses you.
The endoplasm hits you but does no damage.
The hobgoblin hits you. The endoplasm freezes you.
You are frozen.
You feel yourself slow down. 😕 HP[-3]
You take 3 damage, and now have 21/26 hp.
The endoplasm jiggles.
The endoplasm freezes you.
You are frozen.
You feel threatened and lose the ability to read scrolls!
You feel as though you will be slow longer. 😮 HP[-3]
You take 3 damage, and now have 18/26 hp.
The endoplasm hits you.
The hobgoblin hits you but does no damage.
You block the endoplasm's attack. 😮 HP[-1]
You take 1 damage, and now have 17/26 hp.
You can read scrolls again.
The hobgoblin hits you.
You feel threatened and lose the ability to read scrolls! 😮 HP[-3]
You take 3 damage, and now have 14/26 hp.
You feel yourself speed up.
The endoplasm hits you but does no damage.
You can read scrolls again. 😮 HP[+1]
You hit the endoplasm.
You kill the endoplasm!
Lugonu accepts your kill.
You hit the hobgoblin.
The hobgoblin hits you but does no damage.
You barely miss the hobgoblin.
You tail-slap the hobgoblin, but do no damage.
You hit the endoplasm. You closely miss the kobold. The hobgoblin hits you.
* * * LOW HITPOINT WARNING * * *
The endoplasm freezes you.
You are frozen.
* * * LOW HITPOINT WARNING * * *
The kobold barely misses you.
You block the hobgoblin's attack. 😨 HP[-5]
You take 5 damage, and now have 10/26 hp.
You hit the endoplasm.
You tail-slap the endoplasm, but do no damage.
You closely miss the kobold. You closely miss the hobgoblin.
The endoplasm freezes you.
You are frozen.
* * * LOW HITPOINT WARNING * * *
The kobold misses you. The hobgoblin closely misses you.
The endoplasm hits you but does no damage. 😨 HP[-1]
You take 1 damage, and now have 9/26 hp.
You slash the hobgoblin!
You kill the hobgoblin!
Lugonu accepts your kill.
You hit the kobold. You hit the endoplasm. The kobold barely misses you.
The endoplasm freezes you.
You are frozen.
You feel threatened and lose the ability to read scrolls!
* * * LOW HITPOINT WARNING * * *
You feel yourself slow down. The kobold closely misses you.
The kobold hits you but does no damage. 😱 HP[-3]
You take 3 damage, and now have 6/26 hp.
You hit the endoplasm.
You kill the endoplasm!
Lugonu accepts your kill.
You hit the kobold.
You kill the kobold!
Lugonu accepts your kill.
You hit the kobold but do no damage.
You can read scrolls again.
The kobold hits you with a +0 short sword of venom.
You feel threatened and lose the ability to read scrolls!
* * * LOW HITPOINT WARNING * * *
You are lethally poisoned!
You have reached level 3!
Your experience leads to an increase in your attributes!
Increase (S)trength, (I)ntelligence, or (D)exterity?
You feel stronger.
Your scales feel tougher. 😱 HP[-3] MP[+1]
You now have 33 max hp (+7).
Your mp is fully restored (4).
You aren't carrying any potions.
You cannot read scrolls in your current state!
You hit the kobold but do no damage.
You die...

Action                   || total
-------------------------++-------
Melee: Hand axe          ||    57
       Tailslap          ||     4
Invok: Depart the Abyss  ||     1
  Use: Scroll            ||     1
Armor: Skin              ||    18
Dodge: Dodged            ||    50
Block: Other             ||    12

Levels and vault maps discovered:
D:1:      dpeg_arrival_lava_temple_mockup, layout_rooms, kennysheep_minor_cross
D:2:      layout_basic, dreamdust_ecumenical_altar_statues,
          kennysheep_generic_room_13, uniq_sigmund

Notes
Turn   | Place    | Note
-------+----------+-------------------------------------------
     0 | Abyss:1  | spiderkeys the Draconian Abyssal Knight began the quest for
                  | the Orb.
     0 | Abyss:1  | Reached XP level 1. HP: 19/19 MP: 2/2
     0 | Abyss:1  | magus.rc [v1.9.10]
    45 | Abyss:1  | Noticed a wretched star
    60 | Abyss:1  | Noticed a large abomination
   144 | Abyss:1  | Noticed a raiju
   145 | D:1      | You pass through the gate.
   145 | D:1      | Escaped the Abyss
   335 | D:1      | Reached * piety under Lugonu
   451 | D:1      | Reached XP level 2. HP: 25/26 MP: 3/3
   790 | D:1      | You fall into a shaft and drop 1 floor!
   899 | D:1      | HP: 6/26 [frozen (3)]
   900 | D:1      | HP: 2/26 [kobold (4)]
   901 | D:1      | Reached XP level 3. HP: 3/33 MP: 4/4
   901 | D:1      | Succumbed to a kobold's poison

Vanquished Creatures
  A dart slug (D:1)
  6 endoplasms (D:1)
  4 goblins (D:1)
  2 hobgoblins (D:1)
  A kobold (D:1)
  6 ball pythons (D:1)
  3 bats (D:1)
  3 rats (D:1)
26 creatures vanquished.

Table legend:
 A = Non-vault XP
 B = Vault XP
 C = Vault XP percentage of total XP
 D = Non-vault monster count
 E = Vault monster count
 F = Vault count percentage of total count
                 A         B        C        D         E       F
            +---------+---------+-------+---------+---------+-------
      Total |      44 |       0 |   0.0 |      26 |       0 |   0.0
            +---------+---------+-------+---------+---------+-------
        D:1 |      44 |       0 |   0.0 |      26 |       0 |   0.0
            +---------+---------+-------+---------+---------+-------

Illustrated notes

Table legend:
 A = Kills in this place as a percentage of kills in entire the game.
 B = Kills by you in this place as a percentage of kills by you in the entire game.
 C = Kills by friends in this place as a percentage of kills by friends in the entire game.
 D = Other kills in this place as a percentage of other kills in the entire game.
 E = Experience gained in this place as a percentage of experience gained in the entire game.
 F = Experience gained in this place divided by the number of levels of this place that you have seen.
                   A       B       C       D       E      F
               +-------+-------+-------+-------+-------+----------------------
         Total | 100.0 | 100.0 |   N/A |   N/A | 100.0 |  14.7
       Dungeon | 100.0 | 100.0 |   N/A |   N/A | 100.0 |  22.0
               +-------+-------+-------+-------+-------+----------------------

Table legend: (Time is in decaauts)
 A = Elapsed time spent in this place.
 B = Non-inter-level travel time spent in this place.
 C = Inter-level travel time spent in this place.
 D = Time resting spent in this place.
 E = Time spent auto-exploring this place.
 F = Levels seen in this place.
 G = Mean time per level.
                   A        B        C        D        E       F      G
               +--------+--------+--------+--------+--------+-----+--------+
         Total |    931 |    914 |     17 |    277 |    446 |   3 |  310.3 |
       Dungeon |    786 |    769 |     17 |    277 |    342 |   2 |  393.0 |
         Abyss |    145 |    145 |      0 |      0 |    104 |   1 |  145.0 |
               +--------+--------+--------+--------+--------+-----+--------+

Top non-repeatable levels by time:
     D:1: 728 daAuts
 Abyss:1: 145 daAuts
     D:2: 58 daAuts
